 Dungeon Crawl Stone Soup version 0.31-a0-455-g1a7b003ef0 (webtiles) character file.

Game seed: 2298281543743954571

906 Anon1729 the Trooper (level 7, -1/63 HPs)
             Began as a Minotaur Monk on Aug 3, 2023.
             Splashed by a jelly's acid (11 damage)
             ... on level 4 of the Dungeon.
             The game lasted 00:03:27 (4284 turns).

Anon1729 the Trooper (Minotaur Monk)                Turns: 4284, Time: 00:03:29

Health: -1/63      AC:  0    Str: 15    XL:     7   Next: 81%
Magic:  8/8        EV: 14    Int:  7    God:
Gold:   327        SH:  0    Dex: 15    Spells: 6/6 levels left

rFire   . . .        A - +2 dagger (speed)
rCold   . . .        d - orb {light}
rNeg    . . .        b - +0 robe
rPois   .            (helmet restricted)
rElec   .            (no cloak)
rCorr   .            (no gloves)
SInv    .            p - +0 pair of boots
Will    .....        (no amulet)
Stlth   +            (no ring)
HPRegen 0.30/turn    (no ring)
MPRegen 0.11/turn

%: no passive effects
@: corroded, glowing
A: horns 2, retaliatory headbutt
a: no special abilities


You were on level 4 of the Dungeon.
You visited 1 branch of the dungeon, and saw 5 of its levels.
You also visited: Sewer.

You collected 327 gold pieces.

Inventory:

Hand Weapons
 a - a +0 short sword
 j - a +2 dagger of freezing
 A - a +2 dagger of speed (weapon)
Missiles
 k - 2 poisoned darts
Armour
 b - a +0 robe (worn)
 d - an orb of light (worn)
 p - a +0 pair of boots (worn)
Jewellery
 y - an amulet of guardian spirit
Talismans
 q - a beast talisman
Wands
 w - a wand of polymorph (8)
Scrolls
 e - a scroll of vulnerability {unknown}
 g - 2 scrolls of identify {unknown}
 h - 5 scrolls of teleportation {unknown}
 i - a scroll of fear {unknown}
 l - 2 scrolls of immolation {unknown}
 m - 3 scrolls of silence {unknown}
 r - a scroll of noise {unknown}
 s - 2 scrolls of summoning
 t - 2 scrolls of blinking {unknown}
 u - a scroll of enchant weapon {unknown}
Potions
 c - a potion of mutation
 f - 2 potions of invisibility {unknown}
 n - 5 potions of enlightenment
 o - 2 potions of degeneration
 v - a potion of might {unknown}
 x - a potion of heal wounds
 z - 4 potions of curing {unknown}


   Skills:
 + Level 6.0 Fighting
 + Level 5.5 Short Blades
 + Level 4.4 Armour
 + Level 5.4 Dodging
 + Level 3.6 Invocations


You had 6 spell levels left.
You didn't know any spells.
Your spell library contained the following spells:

 Spells                   Type           Power      Damage    Failure   Level
 Foxfire                  Conj/Fire      0%         2x1d4     43%         1
 Animate Armour           Summ/Erth      0%         N/A       99%         4
 Summon Lightning Spire   Summ/Air       0%         N/A       99%         4
 Lee's Rapid Deconstruct  Erth           0%         3d4*      100%        5
 Plasma Beam              Fire/Air       0%         2x1d10    100%        6
 Starburst                Conj/Fire      0%         6d3       100%        6


Dungeon Overview and Level Annotations

Branches:
Dungeon (5/15)              Sewer (visited)
 Temple: D:4-7

Altars:
Ru
Xom
Zin

Annotations:
D:2 Grinder


Innate Abilities, Weirdness & Mutations

You have a pair of horns on your head.
You reflexively headbutt those who attack you in melee.


Message History

You are too injured to fight recklessly!
You are too injured to fight recklessly!
You are too injured to fight recklessly!
You are too injured to fight recklessly!
You are too injured to fight recklessly!
You are too injured to fight recklessly!
You are too injured to fight recklessly!
You are too injured to fight recklessly!
You are too injured to fight recklessly!
You are too injured to fight recklessly!
You are too injured to fight recklessly!
You are too injured to fight recklessly!
You are too injured to fight recklessly!
You are too injured to fight recklessly!
You are too injured to fight recklessly!
You are too injured to fight recklessly!
The gnoll attacks as you move away! The gnoll barely misses you.
You furiously retaliate!
You headbutt the gnoll. The gnoll closely misses you. x2
There is a stone staircase leading up here.
You see here a throwing net.
The gnoll hits you with a +0 spear. The jelly closely misses you.
The gnoll hits you from afar with a +0 halberd!
You climb upwards.
There is a stone staircase leading down, spattered with blood here.
The gnoll barely misses you.
You see here a +0 halberd.
Items here: ( ))) [[ ÷÷ ††.
There is a stone staircase leading down, spattered with blood here.
Items here: ))))) [[[ ÷ ††.
The jelly attacks as you move away! The jelly barely misses you.
You furiously retaliate!
You headbutt the jelly, but do no damage.
You are no longer corroded.
The jelly attacks as you move away! The jelly hits you.
You are splashed with acid!
* * * LOW HITPOINT WARNING * * *
The jelly attacks as you move away! The jelly hits you.
* * * LOW HITPOINT WARNING * * *
The acid corrodes you!
You are splashed with acid!
You die...

...........##..............#
#....##........##..........#
.(...........###############
......).....## ......#######
##....# ......############
##....)[>[...g.J.#
....).##########@# ##..)>#
#...# #.....# #.### ..#...##
#.# .......# #.# [....<.#
#.# ..#....#######.####
.##.#.............#
..................#


You could see a jelly and a gnoll.

Vanquished Creatures
  A black bear (D:4)
  A bullfrog (D:4)
  2 scorpions
  4 hounds (D:5)
  A gnoll bouda (D:4)
  An iguana (D:4)
  2 orc priests (D:4)
  2 orc wizards
  Robin (D:3)
  6 gnolls
  11 adders
  4 river rats (Sewer)
  2 worms (Sewer)
  5 dart slugs
  10 orcs
  8 endoplasms
  10 giant cockroaches
  19 goblins
  9 hobgoblins
  7 jackals
  3 kobolds
  7 quokkas
  11 ball pythons
  7 bats
  6 frilled lizards
  6 rats
146 creatures vanquished.

Vanquished Creatures (others)
  A hound (D:5)
1 creature vanquished.

Grand Total: 147 creatures vanquished

Notes
Turn   | Place    | Note
-------+----------+-------------------------------------------
     0 | D:1      | Anon1729 the Minotaur Monk began the quest for the Orb.
     0 | D:1      | Reached XP level 1. HP: 19/19 MP: 0/0
   421 | D:1      | Reached XP level 2. HP: 27/27 MP: 1/1
   505 | D:1      | Reached skill level 1 in Armour
   915 | D:2      | Found a faded altar of an unknown god.
   955 | D:2      | Reached skill level 1 in Invocations
   956 | D:2      | Reached skill level 4 in Fighting
   959 | D:2      | Found a sacrificial altar of Ru.
   963 | D:2      | Reached XP level 3. HP: 33/33 MP: 2/2
  1082 | D:2      | Noticed a scorpion
  1090 | D:2      | Killed a scorpion
  1091 | D:2      | Reached XP level 4. HP: 37/40 MP: 2/4
  1435 | D:3      | Noticed Grinder
  1597 | D:3      | Noticed Robin
  1600 | D:3      | Reached XP level 5. HP: 35/47 MP: 5/5
  1623 | D:4      | Found a glowing drain.
  1742 | Sewer    | Entered a sewer
  2077 | Sewer    | HP: 2/47 [river rat (9)]
  2618 | D:4      | Reached XP level 6. HP: 55/55 MP: 6/6
  2836 | D:4      | Reached skill level 5 in Fighting
  3190 | D:3      | Found a glowing silver altar of Zin.
  3277 | D:3      | Found a sacrificial altar of Ru.
  3282 | D:3      | Killed Robin
  3498 | D:5      | Entered Level 5 of the Dungeon
  3527 | D:5      | Found a shimmering altar of Xom.
  3533 | D:4      | Reached skill level 5 in Dodging
  3533 | D:4      | Reached XP level 7. HP: 32/61 MP: 8/8
  3646 | D:4      | Reached skill level 5 in Short Blades
  4124 | D:4      | Reached skill level 6 in Fighting
  4284 | D:4      | Splashed by a jelly's acid

Illustrated notes

Levels and vault maps discovered:
D:1:      roderic_lyre, layout_basic, grunt_decor_mini_mirrors
D:2:      layout_basic, basic_altar, ebering_ecumenical_altar_petrified,
          minmay_misc_feat_alley
D:3:      layout_basic, mainiacjoe_overflow_tiny_flanked,
          mainiacjoe_overflow_chevrons, minmay_distorted, uniq_grinder,
          uniq_robin
D:4:      layout_rooms, portal_sewer_entry_f
D:5:      layout_cave_pools, grunt_temple_overflow_opulence,
          kennysheep_slug_shrine, xom_confusion_cloud

Skill      XL: |  1  2  3  4  5  6  7 |
---------------+----------------------+-----
Armour         | 1 2 3 4 |  4.4
Invocations    | 1 2 3 |  3.6
Fighting       | 4 5 6 |  6.0
Short Blades   | 4 5 |  5.5
Dodging        | 4 5 |  5.4

Action                     |  1- 3 |  4- 6 |  7- 9 || total
---------------------------+-------+-------+-------++-------
  Melee: Short sword       |    26 |       |       ||    26
         Dagger            |    18 |   213 |    77 ||   308
         Headbutt          |     8 |    45 |    25 ||    78
    Use: Potion            |       |     3 |     1 ||     4
         Scroll            |       |     1 |       ||     1
   Stab: Sleeping          |       |     1 |       ||     1
 Armour: Robe              |     4 |    42 |     7 ||    53
  Dodge: Dodged            |    18 |   149 |    73 ||   240

Table legend: (Time is in decaauts)
 A = Elapsed time spent in this place.
 B = Non-inter-level travel time spent in this place.
 C = Inter-level travel time spent in this place.
 D = Time resting spent in this place.
 E = Time spent auto-exploring this place.
 F = Levels seen in this place.
 G = Mean time per level.
                   A        B        C        D        E       F      G
               +--------+--------+--------+--------+--------+-----+--------+
         Total |   4339 |   4080 |    259 |    870 |   2462 |   6 |  723.2 |
       Dungeon |   3389 |   3130 |    259 |    746 |   1828 |   5 |  677.8 |
         Sewer |    949 |    949 |      0 |    124 |    633 |   1 |  949.0 |
               +--------+--------+--------+--------+--------+-----+--------+

Top non-repeatable levels by time:
     D:4: 1267 daAuts
   Sewer: 949 daAuts
     D:1: 900 daAuts
     D:3: 652 daAuts
     D:2: 501 daAuts
     D:5: 67 daAuts
